AoeStats
← larysnodder

Arabia

510599770Analyzed
3v3 RM · 24h ago on Oct 1, 2026· 18m 39s· 6 players
Game mode
Random Map
Map size
Normal (6 player)
Population
200
Speed
Normal
Resources
Standard
Victory
Conquest
Starting age
Dark Age
Ending age
Imperial Age
RankedLock teamsTeams togetherTeam positionsShared explorationLock speedFull tech treeHidden civsTurbo modeCheats
Victory
Defeat
🇩🇪 Teutons · Germany
1329
+15
🇩🇪 Britons · Germany
1283
+17
🇦🇹 Huns · Austria
1219
+20
🇬🇧 Ethiopians · United Kingdom
1324
-18
🇬🇧 Japanese · United Kingdom
1308
-17
🇬🇧 Mongols · United Kingdom
1295
-17
larysnodder
6:49 Loom
9:17 Feudal Age
19:00 Double-Bit Axe
Schlingelbub
6:27 Loom
8:49 Feudal Age
9:29 Horse Collar
11:12 Double-Bit Axe
20:32 Castle Age
PudelDesTodes
4:23 Loom
9:10 Feudal Age
9:48 Double-Bit Axe
12:46 Horse Collar
17:13 Gold Mining
mousenz
6:06 Loom
8:41 Feudal Age
11:00 Double-Bit Axe
12:54 Horse Collar
boluwatifeajibade
6:52 Loom
9:30 Feudal Age
9:30 Man-at-Arms
SgtSallyPiper
7:04 Loom
9:50 Feudal Age
10:31 Double-Bit Axe
14:07 Fletching
14:18 Padded Archer Armor
17:10 Horse Collar
Connection lost

Rejoining the realm…

Still unreachable

The connection could not be restored.

Session expired

The server has moved on; the page needs a fresh start.